 Dungeon Crawl Stone Soup version 0.31.0-11-ge490571c62 (webtiles) character file.

Game seed: 5742473376996882930

2028 negina the Covered (level 9, -6/77 (79) HPs)
             Began as a Minotaur Fighter on Feb 4, 2024.
             Was a Believer of Okawaru.
             Mangled by a yak (12 damage)
             ... on level 6 of the Dungeon on Feb 7, 2024.
             The game lasted 00:19:35 (5842 turns).

negina the Covered (Minotaur Fighter)               Turns: 5842, Time: 00:19:35

HP:   -6/77 (79)    AC: 13    Str: 25    XL:     9   Next: 3%
MP:   10/10         EV:  8    Int:  5    God:    Okawaru [**....]
Gold: 220           SH:  5    Dex: 10    Spells: 8/8 levels left

rFire   . . .        a - +1 war axe
rCold   . . .        c - +0 buckler
rNeg    + . .        u - +0 chain mail
rPois   .            (helmet restricted)
rElec   .            l - +1 cloak
rCorr   .            (no gloves)
SInv    .            (no boots)
Will    .....        (no amulet) Stlth
                     g - ring of positive energy
HPRegen 0.32/turn    (no ring)
MPRegen 0.12/turn

%: no passive effects
@: lightly drained
A: horns 2, retaliatory headbutt
a: Renounce Religion, Heroism


You were on level 6 of the Dungeon.
You worshipped Okawaru.
Okawaru was pleased with you.
You visited 2 branches of the dungeon, and saw 8 of its levels.

You collected 220 gold pieces.

Inventory:

Hand Weapons
 a - a +1 war axe (weapon)
Missiles
 f - 6 javelins
 C - 4 boomerangs (quivered)
Armour
 b - a +0 scale mail
 c - a +0 buckler (worn)
 l - a +1 cloak (worn)
 q - a +0 barding
 s - a +0 cloak
 u - a +0 chain mail (worn)
Jewellery
 g - a ring of positive energy (left hand)
Wands
 D - a wand of charming (6)
Scrolls
 i - 2 scrolls of enchant weapon
 j - 2 scrolls of enchant armour
 k - a scroll of immolation
 m - 2 scrolls of teleportation
 n - a scroll of vulnerability {unknown}
 r - a scroll of noise {unknown}
 v - a scroll of blinking {unknown}
 x - a scroll of revelation
 y - a scroll of torment {unknown}
 z - a scroll of summoning {unknown}
 A - a scroll of fear {unknown}
Potions
 d - a potion of might
 h - 6 potions of curing
 o - a potion of attraction {unknown}
 p - 2 potions of heal wounds
 t - 2 potions of brilliance
 w - a potion of lignification {unknown}
 B - a potion of mutation {unknown}


   Skills:
 + Level 7.5 Fighting
 + Level 7.0 Axes
 + Level 7.6 Armour
 + Level 7.6 Shields
 + Level 3.8 Invocations


You had 8 spell levels left.
You didn't know any spells.
Your spell library was empty.

Dungeon Overview and Level Annotations

Branches:
Dungeon (7/15)             Temple (1/1) D:4

Altars:
Ashenzari
Cheibriados
Dithmenos
Elyvilon
Fedhas
Gozag
Hepliaklqana
Kikubaaqudgha
Makhleb
Nemelex Xobeh
Okawaru
Qazlal
Ru
Sif Muna
Trog
Uskayaw
Vehumet
Wu Jian
Xom
Yredelemnul
Zin
The Shining One

Shops:
D:2 (

Annotations:
D:5 exclusion: oklob plant


Innate Abilities, Weirdness & Mutations

You have a pair of horns on your head.
You reflexively headbutt those who attack you in melee.


Message History

Done exploring.
Done exploring.
Done exploring.
There is a stone staircase leading down here.
You climb downwards.
The yak barely misses you. The yak gores you. The yak gores you!
There is a stone staircase leading up here.
You slash the yak!
The yak is moderately wounded.
You hit the yak. x2; The yak gores you.
The yak gores you but does no damage. x2
You barely miss the yak.
The yak is moderately wounded.
You hit the iguana. You hit the yak but do no damage. You hit the yak.
You block the yak's attack. The iguana bites you!
The yak gores you but does no damage. You block the yak's attack.
You hit the yak. Your headbutt misses the yak.
The yak is moderately wounded.
You slash the yak! You hit the yak. You completely miss the yak.
You hit the iguana. The yak gores you. You block the yak's attack.
The iguana bites you. You block the yak's attack.
The yak gores you but does no damage. x2; The yak gores you!
You are too injured to fight recklessly!
The iguana bites you but does no damage.
The yak gores you but does no damage. The yak gores you!
* * * LOW HITPOINT WARNING * * *
The yak gores you.
* * * LOW HITPOINT WARNING * * *
The yak gores you!
* * * LOW HITPOINT WARNING * * *
You climb upwards.
There is a stone staircase leading down here.
You slash the yak!
The yak is heavily wounded.
You slash the yak! x2; You hit the yak. You block the yak's attack.
The yak gores you but does no damage. x2; The yak barely misses you.
You hit the yak.
The yak is severely wounded.
You hit the yak. You closely miss the yak. You hit the yak but do no damage.
The yak gores you but does no damage. The yak gores you!
You die...

.........#.#...####.############.
.........#.#.#.# #............).
.....#.#.#.#.#.## #######.......#
.....'.......#..# ######..#######
.....#.#.....##.###......########
.....#.#.....##..#.......# #.....
.....#.#.....###.#.......# #.....
.....#.#.###.# #YYl......# #.....
.....#.#.# #.# #@Y#......# #.....
.....#.#.# #.# #Y######### #.....
.....#.#.# #.###.## ######.....
.....#.#.# #......#####....).....
.....#.#.# #####.........###.....
#......#.# #<#.##.....###.....
#.....)#.######.#.##.....#...#'##
#.....)#........#.##.....#...#.#
######.##########.##.....#...#.#


You could see 4 yaks and an iguana.

Vanquished Creatures
  Sigmund (D:5)
  3 black bears (D:6)
  An ice beast (D:6)
  An orc warrior (D:6)
  A centaur (D:6)
  Blork the orc (D:6)
  4 scorpions (D:5)
  3 wights
  2 jellies
  2 howler monkeys
  A bombardier beetle (D:5)
  2 hounds (D:6)
  3 orc priests
  A gnoll bouda (D:6)
  2 iguanas (D:4)
  Jessica (D:2)
  Natasha (thrice) (D:4)
  9 gnolls
  10 adders
  A shadow imp (D:7)
  A white imp (D:7)
  5 ufetubi
  3 ribbon worms
  2 dart slugs
  23 orcs
  12 endoplasms
  A giant cockroach (D:3)
  8 goblins
  5 hobgoblins
  7 jackals
  5 kobolds
  8 quokkas
  5 ball pythons
  7 bats
  3 frilled lizards
  5 rats
152 creatures vanquished.

Notes
Turn   | Place    | Note
-------+----------+-------------------------------------------
     0 | D:1      | negina the Minotaur Fighter began the quest for the Orb.
     0 | D:1      | Reached XP level 1. HP: 19/19 MP: 0/0
   119 | D:1      | Reached XP level 2. HP: 26/27 MP: 1/1
   343 | D:1      | Found a faded altar of an unknown god.
   791 | D:2      | Reached XP level 3. HP: 33/33 MP: 2/2
   840 | D:2      | Found Kiluafri's Antique Weapon Shop.
   909 | D:2      | Identified the +3 robe of Pihaxiet {Will+ Regen+ Int-5
                  | Archmagi}
  1056 | D:2      | Found a white marble altar of Elyvilon.
  1126 | D:2      | Noticed Jessica
  1134 | D:2      | Killed Jessica
  1135 | D:2      | Reached XP level 4. HP: 37/41 MP: 3/3
  1492 | D:3      | Found a white marble altar of Elyvilon.
  1547 | D:3      | Reached XP level 5. HP: 47/47 MP: 4/4
  1788 | D:3      | Found a basalt altar of Yredelemnul.
  2000 | D:3      | Reached skill level 5 in Armour
  2071 | D:4      | Noticed Natasha
  2078 | D:4      | Killed Natasha
  2079 | D:4      | Reached skill level 5 in Fighting
  2079 | D:4      | Reached skill level 5 in Shields
  2083 | D:4      | Reached XP level 6. HP: 44/56 MP: 5/5
  2290 | D:4      | Found a staircase to the Ecumenical Temple.
  2331 | Temple   | Entered the Ecumenical Temple
  2339 | Temple   | Became a worshipper of Warmaster Okawaru
  2456 | D:4      | Noticed Natasha
  2460 | D:4      | Killed Natasha
  2532 | D:4      | Noticed Natasha
  2537 | D:4      | Killed Natasha
  2561 | D:4      | Found a radiant altar of Vehumet.
  2565 | D:4      | Found a broken altar of Ashenzari.
  2571 | D:4      | Found a stormy altar of Qazlal.
  2574 | D:4      | Found a glowing golden altar of the Shining One.
  2576 | D:4      | Found a glowing silver altar of Zin.
  2581 | D:4      | Found a shimmering blue altar of Sif Muna.
  3110 | D:5      | Entered Level 5 of the Dungeon
  3208 | D:5      | Reached skill level 5 in Axes
  3208 | D:5      | Reached XP level 7. HP: 55/62 MP: 6/6
  3468 | D:5      | Reached * piety under Okawaru
  3521 | D:5      | Noticed Sigmund
  3530 | D:5      | Killed Sigmund
  3531 | D:5      | Reached skill level 1 in Invocations
  3659 | D:5      | Found a blossoming altar of Fedhas.
  3670 | D:5      | Noticed an oklob plant
  4005 | D:5      | Identified the staff "Rawatur" {rElec rPois Air}
  4209 | D:6      | Reached XP level 8. HP: 58/71 MP: 8/8
  4749 | D:6      | Reached ** piety under Okawaru
  4835 | D:6      | Noticed Blork the orc
  4842 | D:6      | Killed Blork the orc
  5422 | D:7      | Reached XP level 9. HP: 43/76 MP: 10/10
  5842 | D:6      | Mangled by a yak

Illustrated notes

Levels and vault maps discovered:
D:1:      dpeg_arrival_shelter, layout_loops_ring,
          shapermc_ecumenical_altar_mp_urbaneastern,
          chequers_serial_rivers_micro_c
D:2:      layout_rooms, serial_shops, shop, basic_altar, uniq_jessica
D:3:      layout_basic, mainiacjoe_overflow_tiny_flanked,
          mainiacjoe_overflow_small_starburst, nicolae_grassy_gnolls
D:4:      layout_basic, nicolae_overflow_hallway_of_the_gods,
          minmay_temple_entry_statues_fountains, minmay_bent, uniq_natasha
D:5:      layout_loops_ring, tgw_fedhas, uniq_sigmund
D:6:      layout_basic, minivault_11, kennysheep_crisscross, uniq_blork_the_orc
D:7:      layout_rooms
Temple:   hellmonk_temple_forest_ring

Skill      XL: |  1  2  3  4  5  6  7  8  9 |
---------------+----------------------------+-----
Armour         | 4 5 6 7 |  7.6
Fighting       | 4 5 6 7 |  7.5
Shields        | 4 5 6 7 |  7.6
Axes           | 3 4 5 6 7 |  7.0
Invocations    | 2 3 |  3.8

Action                     |  1- 3 |  4- 6 |  7- 9 || total
---------------------------+-------+-------+-------++-------
  Melee: War axe           |    78 |   143 |   138 ||   359
         Headbutt          |     8 |    24 |    21 ||    53
  Throw: Javelin           |       |       |    20 ||    20
    Use: Scroll            |       |     4 |     4 ||     8
 Armour: Scale mail        |    62 |    38 |       ||   100
         Chain mail        |       |    80 |   153 ||   233
  Dodge: Dodged            |    39 |    71 |    72 ||   182
  Block: Buckler           |    25 |    45 |    39 ||   109
